 Seeded DCSS version 0.30-a0-728-gc68057be0a (webtiles) character file.

Game seed: 5430720872467839093 (custom seed)

213 valliere the Insei (level 5, -2/37 HPs)
             Began as an Octopode Transmuter on Jan 30, 2023.
             Was a Plaything of Xom.
             Killed by divine providence
             ... invoked by an orc priest
              (13 damage)
             ... on level 3 of the Dungeon.
             The game lasted 00:05:27 (2395 turns).

valliere the Insei (Octopode Transmuter)            Turns: 2395, Time: 00:05:27

Health: -2/37      AC:  1    Str: 15    XL:     5   Next: 90%
Magic:  9/9        EV:  4    Int: 15    God:    Xom [..*...]
Gold:   1370       SH: 27    Dex: 21    Spells: 8/9 levels left

rFire   . . .      SeeInvis .      - Unarmed
rCold   + . .      Faith    .    p - +18 shield of the Gong {Loud rElec rN+ Will+ EV-5}
rNeg    + . .      Spirit   .    (helmet restricted)
rPois   .          Reflect  .    (no amulet)
rElec   +          Harm     .    i - +6 ring of strength
rCorr   .          Rampage  .    q - +6 ring of dexterity
Will    +....                    l - ring of protection from cold
Stlth   +++                      (no ring)
HPRegen 0.26/turn                (no ring)
MPRegen 0.11/turn                (no ring)
                                 (no ring)
                                 (no ring)

@: constricted
A: almost no armour, amphibious, 8 rings, camouflage 1, gelatinous body 1,
(nimble swimmer 1), tentacles, robust 1
a: Renounce Religion


You were on level 3 of the Dungeon.
You worshipped Xom.
You were a toy of Xom.
You visited 1 branch of the dungeon, and saw 3 of its levels.

You collected 1881 gold pieces.
You spent 511 gold pieces at shops.

Inventory:

Missiles
 u - a throwing net
Armour
 p - the +18 shield of the Gong (worn) {Loud rElec rN+ Will+ EV-5}
   (You acquired it on level 2 of the Dungeon)

   Loud:      It is deafeningly noisy when blocking attacks.
   EV:        It affects your evasion (-5).
   rElec:     It insulates you from electricity.
   rN:        It protects you from negative energy.
   Will:      It increases your willpower.
Jewellery
 i - a +6 ring of strength (left tentacle)
 l - a ring of protection from cold (on tentacle)
 q - a +6 ring of dexterity (right tentacle)
Scrolls
 b - a scroll of teleportation {unknown}
 d - 4 scrolls of amnesia
 f - 2 scrolls of noise {unknown}
 g - 2 scrolls of torment
 h - 4 scrolls of identify
 j - a scroll of brand weapon {unknown}
 k - a scroll of fear
 m - a scroll of fog {unknown}
 n - a scroll of immolation {unknown}
 o - 3 scrolls of enchant armour
 r - a scroll of blinking
 s - a scroll of poison {unknown}
 v - a scroll of silence {unknown}
Potions
 a - a potion of lignification
 c - a potion of attraction {unknown}
 e - 3 potions of curing
 t - a potion of degeneration {unknown}


   Skills:
 + Level 2.1 Fighting
 + Level 2.8 Dodging
 + Level 2.2 Stealth
 + Level 0.7 Shields
 * Level 4.2 Unarmed Combat
 + Level 2.6 Spellcasting
 + Level 2.8 Transmutations


You had 8 spell levels left.
You knew the following spells:

 Your Spells              Type           Power      Damage    Failure   Level
a - Beastly Appendage     Tmut           20%        N/A       22%         1

Your spell library contained the following spells:

 Spells                   Type           Power      Damage    Failure   Level
 Wereblood                Tmut           10%        N/A       32%         2
 Spider Form              Tmut/Pois      6%         N/A       75%         3
 Ice Form                 Ice/Tmut       6%         N/A       98%         4


Dungeon Overview and Level Annotations

Branches:
Dungeon (3/15)

Altars:
Okawaru
Xom

Shops:
D:2 ?


Innate Abilities, Weirdness & Mutations

You cannot wear most types of armour.
You are amphibious.
You can wear up to eight rings at the same time.
Your skin changes colour to match your surroundings (Stealth+).
Your rubbery body absorbs attacks. (AC +1, EV +1)
((You are camouflaged when in or above water. (Stealth+)))
You have tentacles for arms and can constrict up to eight enemies at once.
You are robust. (+10% HP)


Message History

You kill the endoplasm!
You constrict the orc.
You kill the orc!
You block the orc wizard's attack.
BOUMMMMG!
You block the orc priest's attack.
SHROANNG!
You tentacle-slap the orc priest but do no damage.
You grab the orc priest.
You constrict the orc priest, but do no damage.
You block the ball python's attack.
SHROANNG!
You block the ball python's attack.
GONNNNG!
The orc wizard hits you with a +0 dagger.
You block the orc's attack.
GONNNNG!
You block the orc priest's attack.
GONNNNG!
The ball python completely misses you. The ball python grabs you.
The ball python constricts you.
You tentacle-slap the orc priest but do no damage.
You constrict the orc priest.
The orc wizard points at you and mumbles some strange words.
The magic dart hits you. You block the orc's attack.
PANG!
The orc priest mumbles some strange prayers to Beogh against you.
Beogh smites you! The ball python barely misses you.
The ball python constricts you.
You tentacle-slap the orc priest. You squeeze the orc priest.
The orc priest is severely wounded.
You constrict the orc priest. You block the hobgoblin's attack.
GONNNNG!
The orc wizard points at you and mumbles some strange words.
The puff of flame hits you.
* * * LOW HITPOINT WARNING * * *
The orc priest invokes the aid of Beogh against you.
Beogh smites you!
You die...
Xom titters!

............. #.........$..
#...........! ########
#..........# ........
#..><..../# ...(...
##...g...).# # ..(...
#...oSo....# ### #
#.#.######.<..@o....# ..## #
#(.......#.....g....# ..##.
##...###............# ##....
###.#####........(..#####...#.
#..## ##.......<.........#..
##..#####......###.#####...#
##.....####....##..........
#####...# ###.######..##..
###.### .> #.###..


You could see an orc priest, an orc wizard, an orc, 2 hobgoblins and a ball
python.

Vanquished Creatures
  A necrophage (D:2)
  9 gnolls
  2 adders
  2 orcs (D:3)
  3 bats
  6 endoplasms
  A giant cockroach (D:3)
  2 hobgoblins
  4 jackals (D:1)
  6 kobolds
  2 quokkas (D:1)
  5 ball pythons
  2 frilled lizards
  4 goblins
  3 rats
52 creatures vanquished.

Notes
Turn   | Place    | Note
-------+----------+-------------------------------------------
     0 | D:1      | valliere the Octopode Transmuter began the quest for the
                  | Orb.
     0 | D:1      | Reached XP level 1. HP: 13/13 MP: 3/3
    52 | D:1      | Gained mutation: You are robust. (+10% HP) [potion of
                  | mutation]
    78 | D:1      | Reached XP level 2. HP: 14/19 MP: 3/5
   941 | D:1      | Reached XP level 3. HP: 25/25 MP: 6/6
  1340 | D:2      | Noticed a necrophage
  1348 | D:2      | Killed a necrophage
  1349 | D:2      | Reached skill level 1 in Stealth
  1349 | D:2      | Reached XP level 4. HP: 25/31 MP: 5/7
  1503 | D:2      | Reached XP level 5. HP: 28/37 MP: 6/8
  1505 | D:2      | Reached skill level 4 in Unarmed Combat
  1613 | D:2      | Identified 4 scrolls of acquirement
  1613 | D:2      | Acquired the +18 shield of the Gong {Loud rElec rN+ Will+
                  | EV-5}
  1613 | D:2      | Found the +18 shield of the Gong {Loud rElec rN+ Will+
                  | EV-5}
  1615 | D:2      | Acquired 849 gold pieces
  1617 | D:2      | Acquired a +6 ring of dexterity
  1621 | D:2      | Acquired 924 gold pieces
  1752 | D:2      | Found Doddoiw's Magic Scroll Shoppe.
  1757 | D:2      | Bought a scroll of torment for 133 gold pieces
  1757 | D:2      | Bought a scroll of identify for 28 gold pieces
  1757 | D:2      | Bought a scroll of enchant armour for 105 gold pieces
  1757 | D:2      | Bought a scroll of identify for 28 gold pieces
  1757 | D:2      | Bought a scroll of fear for 56 gold pieces
  1757 | D:2      | Bought a scroll of amnesia for 56 gold pieces
  1757 | D:2      | Bought a scroll of blinking for 105 gold pieces
  1880 | D:3      | Found a faded altar of an unknown god.
  1888 | D:3      | Prayed at the altar of an unknown god.
  1888 | D:3      | Became a worshipper of Xom of Chaos
  2005 | D:3      | XOM: silly message
  2025 | D:3      | XOM: potion effect (curing)
  2223 | D:3      | Found an iron altar of Okawaru.
  2314 | D:3      | Identified the +2 robe of Binutifa {rPois Dex+5}
  2395 | D:3      | Killed from afar by an orc priest

Illustrated notes

Levels and vault maps discovered:
D:1:      dpeg_arrival_boxes_within_box, layout_basic
D:2:      layout_loops_ring, serial_shops, shop, nicolae_kite_square_tiling_tiny
D:3:      layout_rooms, okawaru_metal_pillars_3, ebering_ecumenical_altar_rust

Skill      XL: |  1  2  3  4  5 |
---------------+----------------+-----
Stealth        | 1 2 |  2.2
Unarmed Combat | 4 |  4.2
Fighting       | 2 |  2.1
Dodging        | |  2.8
Shields        | |  0.7
Spellcasting   | |  2.6
Transmutations | |  2.8

Action                     |  1- 3 |  4- 6 || total
---------------------------+-------+-------++-------
  Melee: Unarmed           |    62 |    48 ||   110
         Constrict         |    19 |    14 ||    33
         Kick              |    18 |    11 ||    29
         Tentacles         |    12 |    12 ||    24
         Punch             |     3 |     1 ||     4
   Cast: Beastly Appendage |    14 |     8 ||    22
    Use: Potion            |     1 |       ||     1
         Scroll            |       |     5 ||     5
   Stab: Sleeping          |     7 |     4 ||    11
 Armour: Skin              |     6 |     2 ||     8
  Dodge: Dodged            |    33 |    24 ||    57
  Block: Kite shield       |       |    16 ||    16

Table legend: (Time is in decaauts)
 A = Elapsed time spent in this place.
 B = Non-inter-level travel time spent in this place.
 C = Inter-level travel time spent in this place.
 D = Time resting spent in this place.
 E = Time spent auto-exploring this place.
 F = Levels seen in this place.
 G = Mean time per level.
                   A        B        C        D        E       F      G
               +--------+--------+--------+--------+--------+-----+--------+
         Total |   2388 |   2294 |     94 |      0 |   1910 |   3 |  796.0 |
       Dungeon |   2388 |   2294 |     94 |      0 |   1910 |   3 |  796.0 |
               +--------+--------+--------+--------+--------+-----+--------+

Top non-repeatable levels by time:
     D:1: 1047 daAuts
     D:2: 773 daAuts
     D:3: 566 daAuts
